 Dungeon Crawl Stone Soup version 0.29-a0-231-g945431f764 (webtiles) character file.

Game seed: 8891245929141349174

1427 Anon1729 the Sneak (level 8, 0/68 HPs)
             Began as a Demigod Brigand on Feb 28, 2022.
             Slain by an unseen horror (5 damage)
             ... on level 6 of the Dungeon.
             The game lasted 00:10:04 (7210 turns).

Anon1729 the Sneak (Demigod Brigand)                Turns: 7210, Time: 00:10:05

Health: 0/68       AC:  6    Str: 12    XL:     8   Next: 21%
Magic:  10/10      EV: 15    Int: 13    God:
Gold:   354        SH:  0    Dex: 23    Spells: 7/7 levels left

rFire   . . .      SeeInvis .   b - +0 dagger (elec)
rCold   . . .      Faith    .   (no shield)
rNeg    . . .      Spirit   .   g - +0 robe
rPois   .          Reflect  .   (no helmet)
rElec   .          Harm     .   v - +0 cloak
rCorr   .          Rampage  .   s - +1 pair of gloves
Will    .....                   C - +0 pair of boots
Stlth   ++++......              (no amulet)
HPRegen 0.21/turn               (no ring)
MPRegen 0.12/turn               (no ring)

@: marked
A: high MP 1, forlorn, divine attributes
a: no special abilities


You were on level 6 of the Dungeon.
You visited 1 branch of the dungeon, and saw 6 of its levels.

You collected 354 gold pieces.

Inventory:

Hand Weapons
 a - a +2 dagger of speed
 b - a +0 dagger of electrocution (weapon)
 h - a +1 rapier of draining
Missiles
 d - 13 poisoned darts (quivered)
 e - a curare-tipped dart
 i - 4 datura-tipped darts
Armour
 g - a +0 robe (worn)
 s - a +1 pair of gloves (worn)
 v - a +0 cloak (worn)
 C - a +0 pair of boots (worn)
Wands
 x - a wand of polymorph (9)
 y - a wand of acid (3)
Scrolls
 j - 3 scrolls of teleportation
 k - a scroll of blinking
 l - 2 scrolls of enchant weapon
 m - a scroll of immolation {unknown}
 n - a scroll of vulnerability {unknown}
 p - a scroll of amnesia {unknown}
 w - 2 scrolls of noise
 z - a scroll of identify
 A - a scroll of magic mapping {unknown}
Potions
 f - 2 potions of might {unknown}
 o - a potion of degeneration {unknown}
 q - 2 potions of heal wounds {unknown}
 r - a potion of curing
 t - a potion of attraction {unknown}
 u - a potion of flight {unknown}
 B - a potion of cancellation {unknown}


   Skills:
 + Level 5.0 Fighting
 - Level 1.7(3.4) Short Blades
 + Level 4.5(4.7) Long Blades
 - Level 1.7 Throwing
 + Level 4.7 Dodging
 + Level 6.3 Stealth


You had 7 spell levels left.
You didn't know any spells.
Your spell library contained the following spells:

 Spells                   Type           Power      Damage    Failure   Level
 Freeze                   Ice            0%         1d3       30%         1
 Summon Small Mammal      Summ           0%         N/A       30%         1
 Ensorcelled Hibernation  Hex/Ice        0%         N/A       43%         2
 Passwall                 Tmut/Erth      0%         N/A       43%         2
 Call Canine Familiar     Summ           0%         N/A       67%         3
 Conjure Flame            Conj/Fire      0%         6-21      67%         3
 Frozen Ramparts          Ice            0%         1d2       67%         3
 Ignite Poison            Fire/Tmut/Pois 0%         N/A       67%         3
 Summon Guardian Golem    Hex/Summ       0%         N/A       67%         3
 Swiftness                Air            0%         N/A       67%         3
 Hailstorm                Conj/Ice       0%         3d3       97%         4
 Sticky Flame             Conj/Fire      0%         2d3       97%         4


Dungeon Overview and Level Annotations

Branches:
Dungeon (6/15)
 Temple: D:4-7

Shops:
D:4 *


Innate Abilities, Weirdness & Mutations

You have an increased reservoir of magic. (+10% MP)
You shall have no god before yourself.
Your divine heritage dramatically boosts your attributes as you level up.


Message History

You climb downwards.
You hear the sound of rushing water.
There is an entrance to a sewer on this level.
Hurry and find it before the portal rusts away!
There is a stone staircase leading up here.
A sourceless malevolence fills the Dungeon...
With a horrendous wail, an alarm goes off!
A sentinel's mark forms upon you.
You hear an angry hiss.
You hear a bark!
You hear an angry hiss.
You hear a shout! x14
An adder comes into view.
Something hits you.
Deactivating autopickup; reactivate with Ctrl-A.
Found an escape hatch in the ceiling.
Something hits you but does no damage. Something hits you. Something hits you.
Something hits you but does no damage. x2
You hit the adder.
The adder is moderately wounded.
Something hits you! Something hits you. The adder closely misses you.
You hit the adder.
The adder is severely wounded.
Something hits you but does no damage. x2; The adder bites you.
Something hits you. Something hits you! The adder misses you.
Something hits you but does no damage. Something hits you.
Something barely misses you. The adder bites you.
Something hits you but does no damage. x2
Something barely misses you. Something hits you but does no damage.
Something hits you. x2; The adder bites you but does no damage.
Something hits you.
* * * LOW HITPOINT WARNING * * *
Something barely misses you.
Found 6 stones.
Something hits you!
* * * LOW HITPOINT WARNING * * *
Something hits you!
* * * LOW HITPOINT WARNING * * *
There is an escape hatch in the ceiling, spattered with blood here.
You barely miss the adder.
The adder is heavily wounded.
Something hits you.
You die...

#...# #...#
##...# . #....#
# ##....# #
#.....##
#......##
#....@..##
..(.#...S..##
... #.......# #
...#....##.# #
..........# .#
## ..........##
# ##.
...........#
##.#
...........##
#..#
............####
##.##


You could see an adder.

Vanquished Creatures
  3 yaks
  A water moccasin (D:5)
  An orc warrior (D:5)
  An ice beast (D:4)
  2 ogres
  A centaur (D:4)
  A gnoll sergeant (D:4)
  A scorpion (D:4)
  A hound (D:5)
  An orc priest (D:5)
  A jelly (D:4)
  8 gnolls
  7 adders
  2 ufetubi
  3 worms
  A dart slug (D:1)
  7 orcs
  4 endoplasms
  4 giant cockroaches
  8 goblins
  7 hobgoblins
  6 jackals
  7 kobolds
  4 quokkas
  8 ball pythons
  4 bats
  A frilled lizard (D:1)
  3 rats
98 creatures vanquished.

Notes
Turn   | Place    | Note
-------+----------+-------------------------------------------
     0 | D:1      | Anon1729 the Demigod Brigand began the quest for the Orb.
     0 | D:1      | Reached XP level 1. HP: 17/17 MP: 3/3
    41 | D:1      | Reached skill level 1 in Dodging
   266 | D:1      | Reached XP level 2. HP: 24/24 MP: 4/4
  1028 | D:1      | Reached skill level 1 in Long Blades
  1418 | D:2      | Reached XP level 3. HP: 29/29 MP: 5/5
  1439 | D:2      | Reached skill level 4 in Stealth
  1948 | D:2      | Reached XP level 4. HP: 37/37 MP: 6/6
  2575 | D:3      | Noticed an ogre
  2596 | D:3      | Killed an ogre
  2597 | D:3      | Reached XP level 5. HP: 16/45 MP: 7/7
  3462 | D:4      | Found Siphip's Lightly-Used Armoury.
  3980 | D:5      | Entered Level 5 of the Dungeon
  3980 | D:5      | Noticed a yak
  3980 | D:5      | Noticed a yak
  3995 | D:5      | Reached XP level 6. HP: 48/51 MP: 8/8
  3999 | D:5      | Reached skill level 5 in Stealth
  4005 | D:5      | Noticed a yak
  4343 | D:4      | Killed a yak
  4373 | D:5      | Reached XP level 7. HP: 12/59 MP: 9/9
  4686 | D:5      | Killed a yak
  4700 | D:5      | Killed a yak
  5114 | D:5      | Reached skill level 6 in Stealth
  5581 | D:4      | Reached XP level 8. HP: 44/67 MP: 10/10
  6274 | D:4      | Reached skill level 5 in Fighting
  7210 | D:6      | Slain by an unseen horror

Illustrated notes

Levels and vault maps discovered:
D:1:      wheals_arrival_shading, layout_basic,
          dreamdust_ecumenical_altar_grove, serial_co_window_serial,
          co_window_corner_a, co_window_of_opportunity_a, co_window_corner_a,
          co_window_paths_a, co_window_paths_b, co_window_of_opportunity_b,
          co_window_cross_4, co_window_broadway_c, co_window_broadway_a,
          co_window_corner_cb, co_window_of_opportunity_b, co_window_paths_c,
          glass_columns_b, glass_columns_b, minmay_crystal_room
D:2:      layout_basic, hangedman_decor_growths, minmay_fountain_box,
          ebering_dispersal_statue_hall
D:3:      layout_rooms, grunt_qazlal_sundering, grunt_temple_overflow_diamond,
          dk_noncrumbling_2
D:4:      layout_basic, serial_glass, glass_columns_b, glass_columns_b,
          minmay_strange_pillars, minmay_shop_damaged
D:5:      layout_basic, mainiacjoe_overflow_alcove_4,
          nicolae_ossuary_entry_false_entrances
D:6:      layout_cave_pods, cheibrodos_sewer_entry_drain,
          biasface_ghost_orc_armoury, minmay_bent

Skill      XL: |  1  2  3  4  5  6  7  8 |
---------------+-------------------------+-----
Dodging        | 1 2 3 4 |  4.7
Fighting       | 2 3 4 5 |  5.0
Long Blades    | 1 2 3 4 |  4.5
Stealth        | 4 5 6 |  6.3
Short Blades   | |  1.7
Throwing       | |  1.7

Action                   |  1- 3 |  4- 6 |  7- 9 || total
-------------------------+-------+-------+-------++-------
Melee: Dagger            |   104 |   155 |   141 ||   400
       Punch             |       |       |     1 ||     1
Throw: Dart              |       |     8 |    28 ||    36
  Use: Scroll            |       |     4 |       ||     4
 Stab: Sleeping          |     9 |    10 |       ||    19
Armor: Robe              |    17 |    30 |    43 ||    90
Dodge: Dodged            |    44 |    93 |   123 ||   260

Table legend: (Time is in decaauts)
 A = Elapsed time spent in this place.
 B = Non-inter-level travel time spent in this place.
 C = Inter-level travel time spent in this place.
 D = Time resting spent in this place.
 E = Time spent auto-exploring this place.
 F = Levels seen in this place.
 G = Mean time per level.
                   A        B        C        D        E       F      G
               +--------+--------+--------+--------+--------+-----+--------+
         Total |   7156 |   7004 |    152 |   2189 |   3699 |   6 | 1192.7 |
       Dungeon |   7156 |   7004 |    152 |   2189 |   3699 |   6 | 1192.7 |
               +--------+--------+--------+--------+--------+-----+--------+

Top non-repeatable levels by time:
     D:4: 2113 daAuts
     D:3: 1409 daAuts
     D:1: 1408 daAuts
     D:5: 1374 daAuts
     D:2: 807 daAuts
     D:6: 43 daAuts
